 Dungeon Crawl Stone Soup version 0.26-b1-32-g5d43845318 (webtiles) character file.

Game seed: 11819109765134204531

21 Borgoz the Ducker (level 2, -2/25 HPs)
             Began as a Ghoul Gladiator on Jan 13, 2021.
             Slain by a goblin
             ... wielding a +0 club
             ... led by Robin
              (3 damage)
             ... on level 1 of the Dungeon.
             The game lasted 00:00:40 (729 turns).

Borgoz the Ducker (Ghoul Gladiator)                  Turns: 729, Time: 00:00:40

Health: -2/25      AC:  4    Str: 17    XL:     2   Next: 83%
Magic:  1/1        EV: 12    Int:  3    God:
Gold:   62         SH:  0    Dex: 10    Spells: 1/1 levels left

rFire    . . .     SeeInvis .   a - +0 flail
rCold    + . .     Faith    .   (no shield)
rNeg     + + +     Spirit   .   b - +0 leather armour
rPois    ∞         Reflect  .   c - +0 helmet
rElec    .         Harm     .   (no cloak)
rCorr    .         Rampage  .   (no gloves)
Will     .....                  (no boots)
Stlth    +.........             (no amulet)
HPRegen  0.00/turn              (no ring)
MPRegen  0.07/turn              (no ring)

@: no status effects
A: claws 1, cold resistance 1, negative energy resistance 3, inhibited
regeneration, torment resistance, unbreathing
a: no special abilities


You were on level 1 of the Dungeon.
You visited 1 branch of the dungeon, and saw 2 of its levels.

You collected 62 gold pieces.

Inventory:

Hand Weapons
 a - a +0 flail (weapon)
Missiles
 d - 2 throwing nets (quivered)
Armour
 b - a +0 leather armour (worn)
 c - a +0 helmet (worn)
Scrolls
 e - a scroll of immolation {unknown}
 f - a scroll of identify {unknown}
Potions
 g - a potion of heal wounds {unknown}


   Skills:
 * Level 2.6 Fighting
 * Level 2.9 Maces & Flails
 - Level 1.7 Throwing
 * Level 0.8 Armour
 * Level 2.9 Dodging


You had one spell level left.
You didn't know any spells.
Your spell library was empty.

Dungeon Overview and Level Annotations

Branches:
Dungeon (2/15)

Altars:

Annotations:
D:2 Robin


Innate Abilities, Weirdness & Mutations

You thrive by killing the living.
You are immune to poison.
You have sharp fingernails.
Your flesh is cold resistant. (rC+)
You are immune to negative energy. (rN+++)
You do not regenerate when monsters are visible.
You are immune to unholy pain and torment.
You can survive without breathing.


Message History

You hit the goblin.
You kill the goblin!
You feel better.
The goblin no longer looks unusually strong.
The goblin completely misses you. The goblin hits you with a +0 dagger.
* * * LOW HITPOINT WARNING * * *
Things that are here:
a +0 dagger; a goblin corpse The goblin no longer looks unusually strong. x2
The goblin no longer looks unusually strong. x4
There is a stone staircase leading up here.
You climb upwards.
There is a stone staircase leading down here.
Throw: 3 throwing nets
Press: ? - help, Q - select action Shift-Dir - straight line, f - goblin
Aim: a goblin, wielding a +0 club You throw a throwing net.
The throwing net closely misses the goblin.
The goblin hits you with a +0 club.
You die...

#.# ##.#.#####.#
#.# #.###......#
#.# ##.#.#######
#.# ##.## #.# #.#
#.#######.#
#......(..#
######.....g..#
#..........@###
######.........###
........###.####
######..# #.#
######..# #.#
........# #.#####
#####.†.# #.....#
#...# #.###.#
####...# #.+<'.#


You could see a goblin.

Vanquished Creatures
  A dart slug (D:1)
  A giant cockroach (D:1)
  3 goblins
  A hobgoblin (D:1)
  3 kobolds (D:1)
  5 bats
  2 frilled lizards (D:1)
  2 rats (D:1)
18 creatures vanquished.

Notes
Turn   | Place    | Note
-------+----------+-------------------------------------------
     0 | D:1      | Borgoz the Ghoul Gladiator began the quest for the Orb.
     0 | D:1      | Reached XP level 1. HP: 17/17 MP: 0/0
   235 | D:1      | Reached XP level 2. HP: 23/25 MP: 1/1
   704 | D:2      | Noticed Robin
   717 | D:2      | HP: 1/25 [goblin/+0 club[Robin] (4)]
   729 | D:1      | Slain by a goblin

Illustrated notes

Levels and vault maps discovered:
D:1:      dpeg_arrival_tiny_d, layout_loops_ring
D:2:      layout_rooms, serial_forest, infiniplex_forest_end_1,
          infiniplex_forest_clump_medium, infiniplex_forest_lined_3,
          infiniplex_forest_straight_2, infiniplex_forest_pool,
          infiniplex_forest_clump_medium, infiniplex_forest_corner_1,
          chequers_ecumenical_altar_island, uniq_robin

Action                   || total
-------------------------++-------
Melee: Flail             ||    61
Throw: Throwing net      ||     1
  Use: Scroll            ||     1
Armor: Leather armour    ||    27
Dodge: Dodged            ||    74
